 Dungeon Crawl Stone Soup version 0.28.0 (webtiles) character file.

Game seed: 14415768912311619417

195 hikkokomori the Skirmisher (level 6, -1/53 HPs)
             Began as a Formicid Fighter on Feb 9, 2022.
             Slain by an ice beast (10 damage)
             ... on level 6 of the Dungeon.
             The game lasted 00:04:30 (2998 turns).

hikkokomori the Skirmisher (Formicid Fighter)       Turns: 2998, Time: 00:04:30

Health: -1/53      AC:  6    Str: 23    XL:     6   Next: 4%
Magic:  6/6        EV:  9    Int:  7    God:
Gold:   207        SH:  4    Dex: 10    Spells: 5/5 levels left

rFire   . . .      SeeInvis +   a - +1 quarterstaff (venom)
rCold   . . .      Faith    .   c - +0 buckler
rNeg    . . .      Spirit   .   b - +0 scale mail
rPois   +          Reflect  .   (helmet unavailable)
rElec   .          Harm     .   (no cloak)
rCorr   .          Rampage  .   (no gloves)
Will    .....                   (no boots)
Stlth   ..........              m - amulet of magic regeneration
HPRegen 0.17/turn               l - ring of poison resistance
MPRegen 0.50/turn               (no ring)

@: flying
A: permanent stasis, dig shafts and tunnels, antennae 3, four strong arms
a: Dig, Shaft Self


You were on level 6 of the Dungeon.
You visited 1 branch of the dungeon, and saw 4 of its levels.

You collected 207 gold pieces.

Inventory:

Hand Weapons
 a - a +1 quarterstaff of venom (weapon)
Armour
 b - a +0 scale mail (worn)
 c - a +0 buckler (worn)
Jewellery
 f - a ring of ice
 l - a ring of poison resistance (left hand)
 m - an amulet of magic regeneration (around neck)
Potions
 d - a potion of attraction
 h - 3 potions of brilliance
 i - 3 potions of mutation


   Skills:
 + Level 6.8 Fighting
 - Level 2.0 Staves
 - Level 3.2 Armour
 - Level 3.6 Shields


You had 5 spell levels left.
You didn't know any spells.
Your spell library contained the following spells:

 Spells                   Type           Power      Damage    Failure   Level
 Dazzling Flash           Conj/Hex       0%         N/A       99%         3
 Iskenderun's Mystic Bla  Conj/Tloc      0%         2d3       100%        4
 Starburst                Conj/Fire      0%         6d3       100%        6


Dungeon Overview and Level Annotations

Branches:
Dungeon (3/15)

Altars:
Hepliaklqana

Shops:
D:2 [


Innate Abilities, Weirdness & Mutations

You cannot be hasted, slowed, berserked, paralysed or teleported.
You can dig through walls and to a lower floor.
You have a pair of large antennae on your head. (SInv)
Your four strong arms can wield two-handed weapons with a shield.


Message History

You block the water moccasin's attack.
You begin to dig a shaft.
You continue digging a shaft.
You feel sick. The water moccasin barely misses you.
A shaft appears beneath you!
You fall into a shaft and drop 3 floors!
The shaft crumbles and collapses.
The kobold brigand shouts!
The kobold shouts!
You hear a shout! x2
You feel sick.
You feel sick.
You feel sick.
You feel sick. The scorpion barely misses you.
You feel sick.
You are no longer poisoned.
It was a potion of flight.
You feel very buoyant.
You fly up into the air.
The scorpion stings you but does no damage.
The scorpion stings you but does no damage.
A hound comes into view.
As you read the scroll labelled CULOTA IRUIHIEMN, it crumbles to dust.
It is a scroll of enchant weapon.
Your +0 quarterstaff glows red for a moment.
The scorpion stings you but does no damage.
As you read the scroll labelled QISTAPPEKYU, it crumbles to dust.
It is a scroll of brand weapon.
Your +1 quarterstaff drips with poison.
a - a +1 quarterstaff of venom (weapon)
You block the scorpion's attack. x2
You hit the scorpion.
The scorpion is poisoned.
The scorpion is moderately wounded.
The scorpion barely misses you.
You kill the scorpion!
You have reached level 6!
Found a stone staircase leading up.
The hound pauses to sniff the ground.
There is a stone staircase leading up here.
The ice beast hits you.
* * * LOW HITPOINT WARNING * * *
The ice beast freezes you!
You die...

#........#######
#.#####.K.......
{ ##.####### #.#
#{# #{# #.#
#.######
#...hY@#
########


You could see an ice beast and a hound.

Vanquished Creatures
  2 scorpions
  Robin (D:3)
  An adder (D:2)
  A worm (D:2)
  5 endoplasms
  A giant cockroach (D:1)
  12 goblins
  6 hobgoblins
  5 kobolds
  5 quokkas
  3 ball pythons
  7 bats
  4 frilled lizards
  5 rats
58 creatures vanquished.

Notes
Turn   | Place    | Note
-------+----------+-------------------------------------------
     0 | D:1      | hikkokomori the Formicid Fighter began the quest for the
                  | Orb.
     0 | D:1      | Reached XP level 1. HP: 18/18 MP: 1/1
   247 | D:1      | Reached XP level 2. HP: 25/25 MP: 2/2
   323 | D:1      | Reached skill level 4 in Fighting
   754 | D:1      | Reached XP level 3. HP: 17/31 MP: 3/3
  1830 | D:2      | Found Fupn's Antique Armour Shop.
  1916 | D:2      | Reached skill level 5 in Fighting
  1916 | D:2      | Reached XP level 4. HP: 38/39 MP: 4/4
  2232 | D:3      | Noticed Robin
  2259 | D:3      | Killed Robin
  2690 | D:3      | Found a hazy altar of Hepliaklqana.
  2730 | D:3      | Noticed a scorpion
  2749 | D:3      | Killed a scorpion
  2750 | D:3      | Reached skill level 6 in Fighting
  2750 | D:3      | Reached XP level 5. HP: 18/47 MP: 5/5
  2950 | D:3      | Noticed a water moccasin
  2964 | D:3      | You fall into a shaft and drop 3 floors!
  2964 | D:6      | Noticed an ice beast
  2964 | D:6      | Noticed a kobold brigand
  2981 | D:6      | Reached XP level 6. HP: 7/53 MP: 6/6
  2998 | D:6      | Slain by an ice beast

Illustrated notes

Levels and vault maps discovered:
D:1:      minmay_arrival_five_plusses, layout_loops_cross, st_stairs_13
D:2:      minmay_door_path, layout_loops_corners, serial_shops, shop_coins
D:3:      layout_rooms, nzn_hepliaklqana_mist_gate,
          mainiacjoe_overflow_alcove_4, mainiacjoe_overflow_tiny_flanked,
          ebering_ecumenical_altar_mist, uniq_robin
D:6:      layout_basic, dk_vineyard_1, chequers_jeans

Skill      XL: |  1  2  3  4 |
---------------+-------------+-----
Fighting       | 4 5 6 |  6.8
Staves         | |  2.0
Armour         | |  3.2
Shields        | |  3.6

Action                   |  1- 3 |  4- 6 || total
-------------------------+-------+-------++-------
Melee: Quarterstaff      |    91 |    60 ||   151
 Abil: Shaft Self        |       |     1 ||     1
  Use: Scroll            |       |     5 ||     5
       Potion            |       |     2 ||     2
Armor: Scale mail        |    25 |    38 ||    63
Dodge: Dodged            |    43 |    47 ||    90
Block: Buckler           |    17 |    16 ||    33
